 Dungeon Crawl Stone Soup version 0.30.0-10-gfe55d96785 (webtiles) character file.

Game seed: 4013266026551812139

65 hawla the Grave Robber (level 4, 0/33 HPs)
             Began as a Meteoran Necromancer on May 14, 2023.
             Slain by a quasit (1 damage)
             ... summoned by Eustachio
             ... on level 4 of the Dungeon.
             The game lasted 00:04:42 (425 turns).

hawla the Grave Robber (Meteoran Necromancer)        Turns: 425, Time: 00:04:43

Health: 0/33       AC:  4    Str: 10      XL:     4   Next: 60%
Magic:  9/10       EV: 12    Int: 18      God:
Gold:   47         SH:  0    Dex: 10 (14) Spells: 4/9 levels left

rFire   . . .        c - +2 dagger (venom)
rCold   . . .        (no shield)
rNeg    . . .        a - +0 robe
rPois   .            j - +1 helmet
rElec   .            (no cloak)
rCorr   .            (no gloves)
SInv    .            (no boots)
Will    .....        (no amulet)
Stlth   +            (no ring)
HPRegen 0.25/turn    (no ring)
MPRegen 0.12/turn

%: no passive effects
@: flying, glowing
A: sense surroundings 1, otherworldly, glowing, explore regen
a: no special abilities


You were on level 4 of the Dungeon.
You visited 1 branch of the dungeon, and saw 4 of its levels.

You collected 47 gold pieces.

Inventory:

Hand Weapons
 c - a +2 dagger of venom (weapon)
 f - the +1 rapier of Disorder {flame, *Rage rPois Int+4}
   (You found it on level 3 of the Dungeon)

   Int:       It affects your intelligence (+4).
   rPois:     It protects you from poison.
   *Rage:     It berserks you when you make melee attacks (+20% chance).
Armour
 a - a +0 robe (worn)
 j - a +1 helmet (worn)
Jewellery
 g - an amulet of faith
Scrolls
 e - 4 scrolls of identify {unknown}
 h - 2 scrolls of teleportation {unknown}
 i - a scroll of immolation {unknown}
Potions
 b - a potion of magic
 k - 2 potions of cancellation {unknown}
 l - a potion of curing {unknown}


   Skills:
 - Level 0.2 Fighting
 - Level 2.6 Dodging
 - Level 1.4 Stealth
 - Level 3.3 Spellcasting
 + Level 5.7 Necromancy


You had 4 spell levels left.
You knew the following spells:

 Your Spells              Type           Power      Damage    Failure   Level
a - Necrotise             Necr           92%        1d8       1%          1
b - Animate Dead          Necr           23%        N/A       16%         4

Your spell library contained the following spells:

 Spells                   Type           Power      Damage    Failure   Level
 Vampiric Draining        Necr           23%        2d7       4%          3
 Slow                     Hex            12%        N/A       16%         1
 Blink                    Tloc           6%         N/A       24%         2
 Lesser Beckoning         Tloc           6%         N/A       24%         2
 Momentum Strike          Conj/Tloc      6%         3d8       24%         2
 Confusing Touch          Hex            3%         N/A       43%         3
 Agony                    Necr           23%        N/A       38%         5


Dungeon Overview and Level Annotations

Branches:
Dungeon (4/15) Zot: 1975
 Temple: D:4-7

Altars:

Shops:
D:2 *

Annotations:
D:4 Eustachio


Innate Abilities, Weirdness & Mutations

You passively map a small area around you.
You are easily found by Zot.
You glow in the dark.
You regain HP and MP as you explore.


Message History

Eustachio writhes in agony.
The quasit bites you.
The quasit claws you but does no damage.
The quasit claws you. The quasit closely misses you.
The quasit claws you but does no damage. x2
The river rat bites you but does no damage.
Eustachio hits you with a +0 rapier.
Your orc zombie hits Eustachio.
Casting: Necrotise (safe; 1% risk of failure)
Confirm with . or Enter, or press ? or * to list all spells.
Aiming: Necrotise (safe; 1% risk of failure)
Press: ? - help, Shift-Dir - straight line, f/p - Eustachio
Aim: Eustachio, wielding a +0 rapier and wearing a +0 leather armour (moderately wounded, very poisoned, chance to affect: 81%) Eustachio writhes in agony.
The quasit bites you.
* * * LOW HITPOINT WARNING * * *
You feel clumsy.
The quasit claws you but does no damage.
The quasit claws you.
* * * LOW HITPOINT WARNING * * *
You feel clumsy.
The quasit bites you but does no damage.
The quasit completely misses you. The quasit claws you.
* * * LOW HITPOINT WARNING * * *
You feel clumsy. The river rat closely misses you.
The river rat barely misses you. The rat bites you but does no damage.
Eustachio utters an oath, "I will die for my friends!"
Eustachio casts a spell.
Eustachio blinks!
It was a potion of flight.
You feel very buoyant.
You fly up into the air.
The quasit bites you but does no damage.
The quasit claws you but does no damage.
The quasit claws you.
* * * LOW HITPOINT WARNING * * *
The quasit bites you.
* * * LOW HITPOINT WARNING * * *
The quasit claws you.
* * * LOW HITPOINT WARNING * * *
The quasit claws you.
You die...

..... #.#. , .....#####
#.#. .........# ###... ,
.........# ##...##
.........# #..###
,.........# ###<## ,
.!.....r5# ##...# ###
......55r######..### ...
......r@........###..,##
......r§Z....#####..####
...).......@## #......
.#..........# #......
############ ##...... ,
##....... ###........ *
* ###....#..... * ,
###........#...


You could see Eustachio (very poisoned), 2 quasits, 2 river rats, a shadow imp
(summoned), a quokka (summoned), a rat (summoned, ally target) and a friendly
orc zombie.

Vanquished Creatures
  An iguana (D:4)
  An adder (D:3)
  A shadow imp (D:4)
  An orc (D:4)
  4 ball pythons (D:3)
  2 bats (D:3)
  A giant cockroach (D:1)
  2 goblins
  2 hobgoblins
  4 jackals
19 creatures vanquished.

Vanquished Creatures (collateral kills)
  A jackal (D:3)
1 creature vanquished.

Vanquished Creatures (others)
  A hobgoblin zombie (D:4)
1 creature vanquished.

Grand Total: 21 creatures vanquished

Notes
Turn   | Place    | Note
-------+----------+-------------------------------------------
     0 | D:1      | hawla the Meteoran Necromancer began the quest for the Orb.
     0 | D:1      | Reached XP level 1. HP: 14/14 MP: 5/5
    49 | D:2      | Found Edeskaco's Assorted Antiques.
    99 | D:3      | Identified the +1 rapier of Disorder {flame, *Rage rPois
                  | Int+4}
   142 | D:3      | Reached XP level 2. HP: 20/20 MP: 4/6
   207 | D:3      | Reached skill level 5 in Necromancy
   207 | D:3      | Reached XP level 3. HP: 26/26 MP: 2/8
   281 | D:4      | Reached XP level 4. HP: 21/33 MP: 8/10
   292 | D:4      | Learned a level 4 spell: Animate Dead
   417 | D:4      | Noticed Eustachio
   425 | D:4      | HP: 1/33 [quasit[Eustachio] (1)]
   425 | D:4      | Slain by a quasit

Illustrated notes

Levels and vault maps discovered:
D:1:      mrwooster_arrival_arrow, layout_rooms,
          hellmonk_ecumenical_altar_crossroads
D:2:      layout_basic, serial_shops, nicolae_shop_rolling_square, shop,
          nicolae_diamond_shop
D:3:      kb_forest_paths, layout_rooms, mainiacjoe_overflow_alcove_2,
          nicolae_hepliaklqana_hazy_memory, nicolae_yredelemnul_ghost_church,
          goddamned_bats
D:4:      layout_rooms, minitemple, nicolae_overflow_hidden_temple,
          serial_demonic, serial_demonic_c, serial_demonic_b, serial_demonic_e,
          serial_demonic_a, corexii_item_surrounded_by_moat,
          nicolae_elevator_lobby_plus, uniq_eustachio, uniq_grinder,
          uniq_crazy_yiuf_cottage

Skill      XL: |  1  2 |
---------------+-------+-----
Spellcasting   | 3 |  3.3
Necromancy     | 5 |  5.7
Fighting       | |  0.2
Dodging        | |  2.6
Stealth        | |  1.4

Action                     |  1- 3 |  4- 6 || total
---------------------------+-------+-------++-------
  Melee: Dagger            |    12 |     7 ||    19
   Cast: Necrotise         |    24 |     4 ||    28
         Animate Dead      |       |     1 ||     1
    Use: Potion            |       |     1 ||     1
 Armour: Robe              |     2 |    14 ||    16
  Dodge: Dodged            |     8 |    15 ||    23
